[Event "Titled Tuesday Blitz July 18 Early 2023"]
[White "Sliwicki, Damian"]
[Black "Harsh Suresh"]
[WhiteFideId "1127128"]
[BlackFideId "45018464"]
[WhiteElo "2447"]
[BlackElo "2833"]
[Result "0-1"]
[Round "1"]
[TimeControl "180+2"]
[Date "2023.07.18"]
[WhiteClock "0:00:39"]
[BlackClock "0:01:20"]
[Board "53"]

1. e4 g6 2. d4 Nf6 3. Nc3 d5 4. e5 Ne4 5. Bd3 Nxc3 6. bxc3 c5 7. h4 h5 8. Nh3 Bxh3 9. Rxh3 e6 10. g4 Nc6 11. gxh5 Rxh5 12. Qg4 Kd7 13. Rb1 Rb8 14. c4 cxd4 15. cxd5 Rxe5+ 16. Be4 f5 17. dxe6+ Rxe6 18. Qd1 Rxe4+ 19. Kf1 Rxh4 20. Qf3 Rxh3 21. Qxh3 Bd6 22. Qh7+ Ne7 23. Qxg6 Nxg6 0-1


[Site "https://www.chess.com"]

[Event "Titled Tuesday Blitz July 18 Early 2023"]
[White "Pakleza, Zbigniew"]
[Black "Arnold, Ken"]
[WhiteFideId "1119290"]
[BlackFideId "2056836"]
[WhiteElo "2811"]
[BlackElo "2446"]
[Result "1-0"]
[Round "1"]
[TimeControl "180+2"]
[Date "2023.07.18"]
[WhiteClock "0:00:50"]
[BlackClock "0:00:30"]
[Board "54"]

1. d4 c6 2. c4 Nf6 3. Nc3 d5 4. cxd5 cxd5 5. Nf3 Nc6 6. Bf4 e6 7. e3 Bd6 8. Bg3 O-O 9. Bd3 a6 10. Rc1 Re8 11. Ne5 Ne7 12. O-O Ng6 13. f4 Qe7 14. Qb3 Rb8 15. Rc2 Bd7 16. Rfc1 b5 17. Ne2 Rec8 18. Nc6 Bxc6 19. Rxc6 Qb7 20. Rxd6 Rxc1+ 21. Nxc1 Qc7 22. Ne2 Qxd6 23. f5 e5 24. fxg6 Rc8 25. dxe5 1-0


[Site "https://www.chess.com"]

[Event "Titled Tuesday Blitz July 18 Early 2023"]
[White "Namitbir Singh Walia"]
[Black "Mischuk, Dmitry"]
[WhiteFideId "35071068"]
[BlackFideId "14118734"]
[WhiteElo "2446"]
[BlackElo "2808"]
[Result "1-0"]
[Round "1"]
[TimeControl "180+2"]
[Date "2023.07.18"]
[WhiteClock "0:01:22"]
[BlackClock "0:01:22"]
[Board "55"]

1. e4 c5 2. Nf3 d6 3. d4 cxd4 4. Nxd4 Nf6 5. f3 e5 6. Nb3 d5 7. Bg5 Be6 8. Bxf6 gxf6 9. exd5 Qxd5 10. Qxd5 Bxd5 11. Nc3 Be6 12. O-O-O Nc6 13. Nd5 Bh6+ 14. Kb1 Rd8 15. Bc4 f5 16. Nc5 Nd4 17. Nc7+ Ke7 18. N7xe6 Nxe6 19. Nxb7 Rc8 20. Nd6 Rc6 21. Nxf5+ Kf6 22. Bxe6 Bf4 23. Bd7 Rc7 24. Rd6+ Kg5 25. h4+ Kh5 26. g4# 1-0


[Site "https://www.chess.com"]

[Event "Titled Tuesday Blitz July 18 Early 2023"]
[White "Oro, Faustino"]
[Black "Nunez V, Gustavo Eduardo"]
[WhiteFideId "20000197"]
[BlackFideId "4403690"]
[WhiteElo "2802"]
[BlackElo "2446"]
[Result "0-1"]
[Round "1"]
[TimeControl "180+2"]
[Date "2023.07.18"]
[WhiteClock "0:00:07"]
[BlackClock "0:00:13"]
[Board "56"]

1. Nf3 g6 2. e3 Bg7 3. d4 Nf6 4. c4 O-O 5. Be2 d6 6. O-O Nbd7 7. Nc3 e5 8. Qc2 Re8 9. Rd1 exd4 10. exd4 Nf8 11. h3 Bf5 12. Qb3 Qc8 13. Bf1 c6 14. Bf4 Qd7 15. c5 d5 16. Ne5 Qc8 17. Re1 Ne6 18. Ne2 Nh5 19. Bh2 Bxe5 20. Bxe5 Nxc5 21. Qc3 Ne4 22. Qc1 f6 23. Bh2 Bd7 24. f3 Ng5 25. h4 Nf7 26. Nf4 Rxe1 27. Qxe1 Nxf4 28. Bxf4 Qe8 29. Qb4 b6 30. Re1 Qf8 31. Qa4 a5 32. Qc2 Re8 33. Rd1 Qb4 34. a3 Qe7 35. Qd2 g5 36. hxg5 fxg5 37. Bc7 g4 38. f4 g3 39. Be5 Qh4 40. Bd3 Bg4 0-1


[Site "https://www.chess.com"]

[Event "Titled Tuesday Blitz July 18 Early 2023"]
[White "Starosta, Martyna"]
[Black "Kosteniuk, Alexandra"]
[WhiteFideId "21818754"]
[BlackFideId "4128125"]
[WhiteElo "2443"]
[BlackElo "2799"]
[Result "0-1"]
[Round "1"]
[TimeControl "180+2"]
[Date "2023.07.18"]
[WhiteClock "0:00:03"]
[BlackClock "0:00:55"]
[Board "57"]

1. e4 c6 2. d4 d5 3. exd5 cxd5 4. c4 Nf6 5. Nc3 Nc6 6. Nf3 g6 7. c5 Bg7 8. Bd3 O-O 9. O-O Bg4 10. Be3 Ne8 11. h3 Bxf3 12. Qxf3 Nc7 13. Rad1 Nxd4 14. Qg4 Nde6 15. Bc2 d4 16. Ne2 h5 17. Qh4 Nb5 18. a4 Qc8 19. Bc1 Qxc5 20. Bxg6 fxg6 21. axb5 Qxb5 22. Qxe7 Rae8 23. Qd6 Qxe2 24. Rde1 Qc4 25. Re4 Qc6 26. Qxc6 bxc6 27. Rfe1 Nc7 28. Bg5 Rxe4 29. Rxe4 Re8 30. Rxe8+ Nxe8 31. Kf1 d3 32. Ke1 Nd6 0-1


[Site "https://www.chess.com"]

[Event "Titled Tuesday Blitz July 18 Early 2023"]
[White "Bachmann, Axel"]
[Black "Cheer_Down"]
[WhiteFideId "3700488"]
[WhiteElo "2799"]
[BlackElo "2442"]
[Result "1/2-1/2"]
[Round "1"]
[TimeControl "180+2"]
[Date "2023.07.18"]
[WhiteClock "0:01:07"]
[BlackClock "0:00:17"]
[Board "58"]

1. d4 Nf6 2. Nf3 d5 3. c4 e6 4. g3 Be7 5. Bg2 O-O 6. O-O dxc4 7. Qc2 a6 8. a4 Bd7 9. Rd1 Bc6 10. Nc3 Bxf3 11. Bxf3 Nc6 12. Bxc6 bxc6 13. Bg5 Rb8 14. e3 Qc8 15. Bxf6 Bxf6 16. Ne4 Rb4 17. Nd2 c5 18. Nxc4 cxd4 19. exd4 Rd8 20. Ne5 Rbxd4 21. Rxd4 Rxd4 22. Nc6 Rd6 23. Rc1 g6 24. b4 Qb7 25. Qc4 Kg7 26. a5 h5 27. h4 Rd5 28. Rc2 Rb5 29. Qe4 Rd5 30. Rc4 Qb5 31. Kg2 Qa4 32. Nb8 Qb5 33. Nc6 Qa4 34. Qc2 Qb5 35. Rc5 Rxc5 36. Qxc5 Qxc5 37. bxc5 Kf8 38. Kf3 Ke8 39. Ke4 Bc3 40. Kd3 Be1 41. Ke2 Bc3 42. Kd3 Be1 1/2-1/2


[Site "https://www.chess.com"]

[Event "Titled Tuesday Blitz July 18 Early 2023"]
[White "Szyszylo, Rafal"]
[Black "Elsa167"]
[WhiteFideId "1109626"]
[WhiteElo "2441"]
[BlackElo "2796"]
[Result "0-1"]
[Round "1"]
[TimeControl "180+2"]
[Date "2023.07.18"]
[WhiteClock "0:00:15"]
[BlackClock "0:00:46"]
[Board "59"]

1. e4 c5 2. Nc3 e6 3. Nf3 a6 4. d4 cxd4 5. Nxd4 Qc7 6. Bd3 Nf6 7. O-O d6 8. Be3 Nbd7 9. f4 b5 10. a4 b4 11. Na2 Bb7 12. Nxb4 Nxe4 13. Nxa6 Rxa6 14. Bxa6 Bxa6 15. Nb5 Qc6 16. c4 Be7 17. b3 O-O 18. Qf3 f5 19. Rfc1 Bf6 20. Rab1 Ndc5 21. Bd4 e5 22. Ba1 Bb7 23. fxe5 dxe5 24. Nc3 Qb6 25. Kh1 Nd3 26. Nd5 Bxd5 27. cxd5 Nef2+ 28. Kg1 Ng4+ 29. Kh1 Ndf2+ 30. Kg1 Nh3+ 31. Kh1 Qg1+ 32. Rxg1 Ngf2+ 33. Qxf2 Nxf2# 0-1


[Site "https://www.chess.com"]

[Event "Titled Tuesday Blitz July 18 Early 2023"]
[White "Stribuk, Artiom"]
[Black "LangesNasenhaar"]
[WhiteFideId "13515659"]
[WhiteElo "2787"]
[BlackElo "2436"]
[Result "1/2-1/2"]
[Round "1"]
[TimeControl "180+2"]
[Date "2023.07.18"]
[WhiteClock "0:00:05"]
[BlackClock "0:00:03"]
[Board "60"]

1. d4 g6 2. Nf3 Bg7 3. g3 c5 4. c3 b6 5. Bg2 Bb7 6. O-O Nf6 7. Nbd2 O-O 8. Re1 d6 9. e4 cxd4 10. cxd4 Nc6 11. b3 Nb4 12. Ba3 a5 13. h3 Rc8 14. Bxb4 axb4 15. a3 bxa3 16. Rxa3 Ra8 17. Rxa8 Qxa8 18. e5 dxe5 19. dxe5 Ne4 20. Nxe4 Bxe4 21. Nh4 Bxg2 22. Nxg2 Rd8 23. Qe2 Qd5 24. b4 Qd2 25. e6 f5 26. Ne3 Qxe2 27. Rxe2 Rd4 28. Rc2 Be5 29. b5 Bd6 30. Rc8+ Kg7 31. Rd8 Kf6 32. Rh8 h5 33. Kf1 Kxe6 34. Ke2 Rb4 35. Rg8 Kf7 36. Rc8 Rxb5 37. Kd3 Bc5 38. Nc4 Rb3+ 39. Kc2 Rb4 40. Kc3 Rb1 41. Rc6 Rc1+ 42. Kd3 Rf1 43. Ne5+ Kg7 44. Rxg6+ Kh7 45. f4 Bd6 46. Rg5 Bxe5 47. fxe5 e6 48. Rxh5+ Kg6 49. Rh8 Rf3+ 50. Ke2 Rb3 51. Rf8 Rb2+ 52. Kf3 Rb3+ 53. Kf4 Rb4+ 54. Kf3 Rb3+ 55. Kf2 Rb2+ 56. Ke1 Rb3 57. Ke2 Kg5 58. Rg8+ Kh5 59. Re8 Rxg3 60. Rxe6 Rxh3 61. Rxb6 Kg4 62. e6 Rh7 63. Kd3 Re7 64. Kd4 Kg5 65. Ke5 f4 66. Rb1 Kg4 67. Rg1+ Kf3 68. Rf1+ Ke3 69. Kf6 Re8 70. e7 Rxe7 71. Re1+ Kd2 72. Rxe7 f3 73. Kg5 f2 74. Rf7 Ke2 75. Rxf2+ Kxf2 1/2-1/2


[Site "https://www.chess.com"]

[Event "Titled Tuesday Blitz July 18 Early 2023"]
[White "Ai, Evan"]
[Black "Schmakel, Sam"]
[WhiteFideId "2094770"]
[BlackFideId "2039311"]
[WhiteElo "2435"]
[BlackElo "2780"]
[Result "1-0"]
[Round "1"]
[TimeControl "180+2"]
[Date "2023.07.18"]
[WhiteClock "0:00:05"]
[BlackClock "0:00:00"]
[Board "61"]

1. d4 Nf6 2. Nf3 d5 3. c4 e6 4. g3 dxc4 5. Bg2 Nbd7 6. Qc2 c5 7. Qxc4 a6 8. a4 b5 9. Qc2 Bb7 10. axb5 axb5 11. Rxa8 Qxa8 12. Be3 Ng4 13. Qd2 Nxe3 14. Qxe3 cxd4 15. Qxd4 Qa5+ 16. Nc3 b4 17. Nd1 b3+ 18. Nc3 Qa1+ 19. Nd1 Bc5 20. Qxg7 Bb4+ 21. Nd2 Bxg2 22. Qxh8+ Ke7 23. Rg1 Be4 24. Qd4 Bxd2+ 25. Kxd2 Bc2 26. Qb4+ Kf6 27. Rf1 Bxd1 28. Qc3+ Ke7 29. Rxd1 Qa4 30. Rc1 f6 31. Ke1 h5 32. Kf1 h4 33. Kg1 Kf7 34. Qc4 Qa2 35. Rd1 Ne5 36. Qc7+ Kg6 37. Qc3 h3 38. g4 Nxg4 39. Qxh3 f5 40. Qc3 Qa7 41. e3 Qh7 42. Kf1 Qxh2 43. Qd2 Qh1+ 44. Ke2 Qh5 45. Kd3 Ne5+ 46. Kc3 Qf3 47. Kxb3 Qb7+ 48. Kc2 Qa6 49. Kb1 Nc4 50. Qd4 Qb5 51. Qc3 Ne5 52. Rd6 Kf7 53. Rd1 1-0


[Site "https://www.chess.com"]

[Event "Titled Tuesday Blitz July 18 Early 2023"]
[White "Krzyzanowski, Marcin"]
[Black "Rosh Jain"]
[WhiteFideId "1132199"]
[BlackFideId "25789465"]
[WhiteElo "2776"]
[BlackElo "2434"]
[Result "1-0"]
[Round "1"]
[TimeControl "180+2"]
[Date "2023.07.18"]
[WhiteClock "0:00:24"]
[BlackClock "0:00:13"]
[Board "62"]

1. Nf3 d5 2. g3 e6 3. Bg2 Nf6 4. O-O Be7 5. c4 O-O 6. b3 c5 7. cxd5 exd5 8. d4 Nc6 9. Bb2 Bf5 10. Nc3 Rc8 11. Rc1 cxd4 12. Nxd4 Nxd4 13. Qxd4 Bc5 14. Qf4 Be6 15. Rcd1 Qa5 16. a3 Qb6 17. b4 Bd6 18. Qd2 Rfd8 19. Na4 Qa6 20. Bxf6 Qxa4 21. Bxd8 Rxd8 22. Qb2 Be7 23. Rd2 Bf6 24. Qb1 Qxa3 25. Rfd1 d4 26. Bxb7 Rb8 27. Bg2 Rxb4 28. Qe4 Rb8 29. h4 h6 30. g4 g6 31. Qf4 Rb2 32. Rxb2 Qxb2 33. Qxf6 Qxe2 34. Rxd4 Qe1+ 35. Kh2 1-0


[Site "https://www.chess.com"]

[Event "Titled Tuesday Blitz July 18 Early 2023"]
[White "Sathish, Pranav"]
[Black "Remizov, Yaroslav"]
[WhiteFideId "30967538"]
[BlackFideId "34134015"]
[WhiteElo "2433"]
[BlackElo "2772"]
[Result "1-0"]
[Round "1"]
[TimeControl "180+2"]
[Date "2023.07.18"]
[WhiteClock "0:00:29"]
[BlackClock "0:00:12"]
[Board "63"]

1. Nf3 d5 2. b3 c5 3. e3 Nc6 4. Bb2 Nf6 5. Bb5 Qb6 6. c4 dxc4 7. Bxc6+ Qxc6 8. bxc4 Bg4 9. Nc3 e6 10. h3 Bxf3 11. Qxf3 Qxf3 12. gxf3 Be7 13. Ke2 Rd8 14. Rab1 b6 15. a4 O-O 16. a5 Rd6 17. Ba3 Rfd8 18. Rhd1 Ra8 19. Rb5 Rc6 20. Ra1 h5 21. Rab1 Nd7 22. axb6 axb6 23. Bc1 Rc7 24. f4 Rca7 25. d3 Bd8 26. Bd2 Bf6 27. R5b3 Bxc3 28. Bxc3 Ra2+ 29. R3b2 Rxb2+ 30. Rxb2 Ra3 31. Kd2 Kh7 32. Kc2 Kg6 33. d4 f6 34. Rb3 Ra2+ 35. Rb2 Ra4 36. Kd3 Ra3 37. Kc2 Kf5 38. f3 h4 39. Rb3 Ra2+ 40. Rb2 Ra4 41. Kd3 cxd4 42. Bxd4 Ra3+ 43. Ke2 Ra4 44. Kd3 Ra3+ 45. Ke2 Ra6 46. Rb5+ Kg6 47. Rb2 e5 48. fxe5 fxe5 49. Bc3 Ra4 50. Rb4 Ra3 51. Kd2 Ra2+ 52. Rb2 Ra8 53. Rb5 Re8 54. e4 Re6 55. Rd5 Re7 56. Rd6+ Kf7 57. Kd3 Nc5+ 58. Ke2 Re6 59. Rd5 Na4 60. Bxe5 Rc6 61. Kd3 Nb2+ 62. Bxb2 Rg6 63. Rd7+ Ke6 64. Rxg7 Rh6 65. f4 Kd6 66. f5 Rh5 67. Bd4 b5 68. cxb5 Rh7 69. Bc5+ Ke5 70. Rxh7 Kf4 71. Rxh4+ Kg3 72. f6 Kf3 73. f7 Kg3 74. f8=Q Kg2 75. Rg4+ Kh1 76. Qf1+ Kh2 77. Qg2# 1-0


[Site "https://www.chess.com"]

[Event "Titled Tuesday Blitz July 18 Early 2023"]
[White "Volovich, Vasily"]
[Black "Devaev, Alexander"]
[WhiteFideId "34169676"]
[BlackFideId "4169395"]
[WhiteElo "2770"]
[BlackElo "2433"]
[Result "1-0"]
[Round "1"]
[TimeControl "180+2"]
[Date "2023.07.18"]
[WhiteClock "0:00:54"]
[BlackClock "0:00:36"]
[Board "64"]

1. e4 c6 2. Nf3 d5 3. Nc3 Nf6 4. e5 Ne4 5. Ne2 Nc5 6. d4 Ncd7 7. c3 e6 8. Ng3 c5 9. Bd3 Nc6 10. O-O Qb6 11. Bb1 a5 12. a3 Qa7 13. Be3 cxd4 14. cxd4 Nb6 15. b3 a4 16. bxa4 Bd7 17. Ng5 h6 18. Qh5 g6 19. Bxg6 fxg6 20. Qxg6+ Ke7 21. Qf6+ Ke8 22. Qxh8 hxg5 23. Bxg5 Nxd4 24. Qh5# 1-0


[Site "https://www.chess.com"]

[Event "Titled Tuesday Blitz July 18 Early 2023"]
[White "Uzcategui Rodriguez, Alejandro"]
[Black "Wagner, Dennis"]
[WhiteFideId "3903400"]
[BlackFideId "24650684"]
[WhiteElo "2433"]
[BlackElo "2770"]
[Result "0-1"]
[Round "1"]
[TimeControl "180+2"]
[Date "2023.07.18"]
[WhiteClock "0:00:27"]
[BlackClock "0:00:13"]
[Board "65"]

1. d4 Nf6 2. Nf3 e6 3. Bg5 h6 4. Bh4 b6 5. Nbd2 Bb7 6. e3 d6 7. Bd3 g5 8. Bg3 Nh5 9. c3 Nd7 10. Qe2 Bg7 11. e4 Qe7 12. a4 a6 13. e5 Nf4 14. Bxf4 gxf4 15. Be4 d5 16. Bd3 c5 17. g3 fxg3 18. hxg3 O-O 19. Nh4 cxd4 20. cxd4 Qb4 21. Qe3 Nxe5 22. dxe5 d4 23. Qf4 Bxh1 24. Ke2 Bd5 25. g4 Qe7 26. Nhf3 f6 27. Qg3 a5 28. Rh1 Rac8 29. exf6 Qxf6 30. g5 hxg5 31. Rh5 Bxf3+ 32. Nxf3 Qxf3+ 33. Qxf3 Rxf3 34. Kxf3 Rc5 35. Kg4 Bf6 36. Rh6 Kf7 37. Rh7+ Kf8 38. Rb7 Bd8 39. Rb8 Ke7 40. Rb7+ Bc7 41. Ra7 Kd6 42. Ra8 Re5 43. b3 Kc5 44. Rc8 Kd6 45. Bc4 Re4+ 46. Kf3 Rf4+ 47. Ke2 e5 48. Re8 g4 49. Re6+ Kd7 50. Rg6 Bd6 51. Rg7+ Kc6 52. Rg6 Kc5 53. Rg8 e4 54. Rd8 d3+ 55. Ke3 Rf3+ 56. Kxe4 d2 57. Be2 Rxf2 58. Kd3 Bf4 59. Bd1 g3 60. Rg8 g2 61. Kc2 Kb4 62. Rg4 Ka3 63. Rg6 Bh2 64. Bf3 g1=Q 65. Rxg1 Bxg1 66. Bd5 Bh2 67. Kd1 Bf4 68. Bc4 Rh2 69. Kc2 Rh1 70. Be2 Rc1+ 71. Kd3 d1=Q+ 72. Bxd1 Rxd1+ 73. Kc4 Rb1 74. Kb5 Rxb3+ 75. Ka6 Rb4 0-1


[Site "https://www.chess.com"]

[Event "Titled Tuesday Blitz July 18 Early 2023"]
[White "Tsaruk, Maksim"]
[Black "SereneSalmon"]
[WhiteFideId "13511173"]
[WhiteElo "2770"]
[BlackElo "2431"]
[Result "1-0"]
[Round "1"]
[TimeControl "180+2"]
[Date "2023.07.18"]
[WhiteClock "0:00:56"]
[BlackClock "0:00:21"]
[Board "66"]

1. e4 c5 2. Nf3 Nc6 3. d4 cxd4 4. Nxd4 Nf6 5. Nc3 d6 6. Bg5 e6 7. Qd2 a6 8. O-O-O Bd7 9. f4 Be7 10. Nf3 b5 11. Bxf6 gxf6 12. Kb1 b4 13. Ne2 Qb6 14. f5 h5 15. Nf4 O-O-O 16. Bc4 exf5 17. Nd5 Qa5 18. Nxe7+ Nxe7 19. Qxd6 Nc6 20. exf5 Kb7 21. Bd5 Qc7 22. Qxf6 Rhe8 23. Qxf7 Rf8 24. Qxh5 Rxf5 25. Qh7 Rff8 26. Rhe1 Kb8 27. Qd3 Bf5 28. Qc4 1-0


[Site "https://www.chess.com"]

[Event "Titled Tuesday Blitz July 18 Early 2023"]
[White "Vivas Zamora, Fabian Ernesto"]
[Black "Klimkowski, Jan"]
[WhiteFideId "3902480"]
[BlackFideId "21856222"]
[WhiteElo "2430"]
[BlackElo "2767"]
[Result "0-1"]
[Round "1"]
[TimeControl "180+2"]
[Date "2023.07.18"]
[WhiteClock "0:00:00"]
[BlackClock "0:00:28"]
[Board "67"]

1. e4 c5 2. Nf3 d6 3. d4 cxd4 4. Nxd4 Nf6 5. Nc3 a6 6. h3 e5 7. Nde2 h5 8. Bg5 Be7 9. Qd3 Be6 10. Bxf6 Bxf6 11. Nd5 Bg5 12. g3 h4 13. f4 Bh6 14. f5 Bxd5 15. Qxd5 Qb6 16. Qb3 Qc6 17. Bg2 hxg3 18. Nxg3 O-O 19. f6 g6 20. O-O Nd7 21. Rad1 Rac8 22. c3 b5 23. Rf3 Nc5 24. Qd5 Rfd8 25. Kf2 Ne6 26. Qxc6 Rxc6 27. Rfd3 Bg5 28. Bf1 Bxf6 29. Rd5 Nf4 30. R5d2 Kf8 31. Ne2 Ne6 32. Rd3 Ke7 33. Ng3 Bh4 34. Kf3 Ng5+ 35. Kg4 Rh8 36. Bg2 Bxg3 37. Kxg3 Ne6 38. a4 Nf4 39. axb5 axb5 40. R3d2 b4 41. cxb4 Rb8 42. Rf2 Rxb4 43. h4 Rcb6 44. Rxf4 exf4+ 45. Kxf4 Rxb2 46. Bf3 R6b5 47. Ra1 Rb7 48. Ra5 R2b5 49. Ra8 Rc7 50. Ra6 Rbc5 51. Ra8 f6 52. Rg8 Kf7 53. Rh8 g5+ 54. hxg5 fxg5+ 55. Kg4 Kg7 56. Rd8 Rf7 57. Rxd6 Rf4+ 58. Kg3 Rc3 59. Rd7+ Kf8 60. Rd5 Rcxf3+ 61. Kg2 g4 62. Rg5 Rxe4 0-1


[Site "https://www.chess.com"]

[Event "Titled Tuesday Blitz July 18 Early 2023"]
[White "Mahdavi, Reza"]
[Black "Goldin, Roman"]
[WhiteFideId "12595926"]
[BlackFideId "2803860"]
[WhiteElo "2766"]
[BlackElo "2428"]
[Result "1-0"]
[Round "1"]
[TimeControl "180+2"]
[Date "2023.07.18"]
[WhiteClock "0:00:21"]
[BlackClock "0:00:00"]
[Board "68"]

1. e4 Nc6 2. d4 e5 3. d5 Nce7 4. Be3 f5 5. f3 fxe4 6. fxe4 Ng6 7. Nf3 Nf6 8. Nbd2 Ng4 9. Bg1 Bb4 10. c3 Ba5 11. Nc4 Bb6 12. Nxb6 axb6 13. h3 Nf6 14. Qc2 d6 15. a3 O-O 16. O-O-O Nh5 17. Bf2 Bd7 18. Rg1 Bxh3 19. Kb1 Bd7 20. Be3 Ba4 21. b3 Bd7 22. Kb2 Bg4 23. Be2 Ng3 24. Bd3 Nf4 25. Bc4 Qd7 26. a4 h6 27. Bf2 Ngh5 28. Rdf1 Nxg2 29. Nxe5 dxe5 30. Rxg2 Bh3 31. Rfg1 Bxg2 32. Rxg2 Nf4 33. Rg1 Qd6 34. Be3 Rf6 35. Qh2 Raf8 36. b4 Kh7 37. Kb3 Rg6 38. Rf1 Qf6 39. Qd2 Qg5 40. Bb5 Qg3 41. Bd7 Kh8 42. Bf5 Rg5 43. Rxf4 exf4 44. Bxf4 Qf3 45. Bxg5 hxg5 46. Qh2+ Kg8 47. Be6+ Rf7 48. Bxf7+ Qxf7 49. Qg2 Qf4 50. Qe2 g4 51. e5 g3 52. e6 Kf8 53. Qh5 Ke7 54. Qg6 Qe5 55. Qf7+ 1-0


[Site "https://www.chess.com"]

[Event "Titled Tuesday Blitz July 18 Early 2023"]
[White "Herman, Daniel"]
[Black "Maximov, Dmitry"]
[WhiteFideId "30935008"]
[BlackFideId "14105659"]
[WhiteElo "2423"]
[BlackElo "2765"]
[Result "0-1"]
[Round "1"]
[TimeControl "180+2"]
[Date "2023.07.18"]
[WhiteClock "0:00:23"]
[BlackClock "0:02:09"]
[Board "69"]

1. c4 Nf6 2. Nc3 g6 3. e4 d6 4. d4 Bg7 5. Nf3 O-O 6. h3 e5 7. d5 a5 8. g4 Na6 9. Be3 Nd7 10. Be2 Ndc5 11. Nd2 f5 12. gxf5 gxf5 13. exf5 Bxf5 14. Rg1 Qh4 15. Nf3 Qxh3 16. Ng5 Qh2 17. Nf3 Qh3 18. Qd2 Nb4 19. O-O-O Ncd3+ 20. Bxd3 Nxd3+ 21. Kb1 Qxf3 22. Bh6 Nb4+ 23. Ka1 Bg6 0-1


[Site "https://www.chess.com"]

[Event "Titled Tuesday Blitz July 18 Early 2023"]
[White "Dzhumagaliev, Yan"]
[Black "Federzoni, Enzo"]
[WhiteFideId "24100110"]
[BlackFideId "2173301"]
[WhiteElo "2765"]
[BlackElo "2423"]
[Result "1-0"]
[Round "1"]
[TimeControl "180+2"]
[Date "2023.07.18"]
[WhiteClock "0:00:15"]
[BlackClock "0:00:30"]
[Board "70"]

1. Nf3 c5 2. h4 Nc6 3. h5 h6 4. e4 d6 5. c3 Bg4 6. Qb3 Qb6 7. Qxb6 axb6 8. Na3 Nf6 9. Nc4 Nxe4 10. Nxb6 Rd8 11. Bb5 e6 12. Rh4 Bxf3 13. gxf3 Nf6 14. Ra4 Nd7 15. Nxd7 Kxd7 16. d4 cxd4 17. cxd4 d5 18. Be3 Bd6 19. Kd2 Ra8 20. Rg1 Rxa4 21. Bxa4 Rg8 22. a3 Ke7 23. Bc2 Kf6 24. Bxh6 g5 25. hxg6 fxg6 26. Bg5+ Kf7 27. Be3 Ne7 28. Rh1 Nf5 29. Rh7+ Rg7 30. Rxg7+ Kxg7 31. Bxf5 gxf5 32. f4 Kf6 33. Kc3 Ke7 34. a4 Kd7 35. b4 Kc6 36. Kb3 Bc7 37. Bd2 Bd6 38. Kc2 Kb6 39. Kd3 Be7 40. Ke2 Bd6 41. Kf3 Be7 42. Kg3 Bf6 43. Bc3 Kc6 44. Kf3 Kd6 45. Ke3 Kc6 46. Kf3 Kb6 47. Ke2 Kc6 48. Kd3 Kb6 49. Kc2 Be7 50. Kb3 Bd6 51. Bd2 Be7 52. b5 Bf8 53. Bb4 Bh6 54. Bd6 Ka5 55. Bc7+ b6 56. Bd6 Bf8 57. Bxf8 e5 58. Bb4# 1-0


[Site "https://www.chess.com"]

[Event "Titled Tuesday Blitz July 18 Early 2023"]
[White "Buchenau, Frank"]
[Black "Nazari, Arad"]
[WhiteFideId "4604350"]
[BlackFideId "12577324"]
[WhiteElo "2421"]
[BlackElo "2763"]
[Result "0-1"]
[Round "1"]
[TimeControl "180+2"]
[Date "2023.07.18"]
[WhiteClock "0:00:24"]
[BlackClock "0:01:04"]
[Board "71"]

1. e4 c5 2. Nf3 d6 3. Bb5+ Nd7 4. O-O a6 5. Bd3 g6 6. Re1 Bg7 7. c3 e5 8. Bf1 Ngf6 9. d4 O-O 10. dxe5 Nxe5 11. Nxe5 dxe5 12. Qxd8 Rxd8 13. c4 Be6 14. Nc3 Rac8 15. f3 Ne8 16. Bg5 Bf6 17. Be3 Nd6 18. Nd5 Bxd5 19. cxd5 b5 20. a4 c4 21. axb5 axb5 22. Ra6 Be7 23. Rea1 c3 24. Bb6 cxb2 25. Rb1 Rc1 26. Rxb2 Nc4 27. Bxd8 Bc5+ 28. Rf2 Nd2 0-1


[Site "https://www.chess.com"]

[Event "Titled Tuesday Blitz July 18 Early 2023"]
[White "Weetik, Vjacheslav"]
[Black "Rom, Jasper"]
[WhiteFideId "4153472"]
[BlackFideId "2023733"]
[WhiteElo "2759"]
[BlackElo "2420"]
[Result "1-0"]
[Round "1"]
[TimeControl "180+2"]
[Date "2023.07.18"]
[WhiteClock "0:00:38"]
[BlackClock "0:00:00"]
[Board "72"]

1. d4 d5 2. c4 e6 3. Nc3 c6 4. e3 Nf6 5. Nf3 Nbd7 6. Bd3 dxc4 7. Bxc4 b5 8. Be2 a6 9. e4 b4 10. e5 bxc3 11. exf6 cxb2 12. fxg7 Bxg7 13. Bxb2 Qa5+ 14. Nd2 Rb8 15. Qc2 Qb6 16. Nc4 Qb4+ 17. Bc3 Qe7 18. d5 Qg5 19. dxc6 Nc5 20. c7 Rb7 21. Nd6+ Ke7 22. Nxb7 Bxb7 23. Bxg7 Rg8 24. Bd4 1-0


[Site "https://www.chess.com"]

[Event "Titled Tuesday Blitz July 18 Early 2023"]
[White "Zacurdajev, Dmitry"]
[Black "djokovic74"]
[WhiteFideId "4196309"]
[WhiteElo "2419"]
[BlackElo "2758"]
[Result "0-1"]
[Round "1"]
[TimeControl "180+2"]
[Date "2023.07.18"]
[WhiteClock "0:00:10"]
[BlackClock "0:00:33"]
[Board "73"]

1. d4 e6 2. c4 Nf6 3. Nc3 Bb4 4. Qc2 b6 5. a3 Bxc3+ 6. Qxc3 Bb7 7. f3 d5 8. Bg5 c6 9. e3 Nbd7 10. Nh3 O-O 11. Be2 Rc8 12. O-O c5 13. dxc5 bxc5 14. cxd5 Nxd5 15. Qc2 Qc7 16. e4 N5b6 17. Bf4 e5 18. Be3 Rfd8 19. a4 a5 20. Qc3 Ra8 21. b3 Rdc8 22. Rac1 h6 23. Rfd1 Ba6 24. Bxa6 Rxa6 25. Nf2 Na8 26. Nd3 Rc6 27. Nb2 Rb8 28. Nc4 Ra6 29. Rd5 Nab6 30. Nxb6 Raxb6 31. Qxa5 Qb7 32. Bxc5 Rxb3 33. Bf2 Nf6 34. Rxe5 Rb2 35. Rb5 Rxb5 36. axb5 Qxb5 37. Rc8+ Kh7 38. Qxb5 Rxb5 39. h3 Kg6 40. Rc7 h5 41. g4 hxg4 42. hxg4 Ne8 43. Rc6+ f6 44. Kg2 Rb2 45. f4 Kf7 46. Kf3 Ke7 47. g5 fxg5 48. fxg5 Kd7 49. Rg6 Ke7 50. Bd4 Rb3+ 51. Kf4 Kf7 52. Rc6 Rb7 53. g6+ Ke7 54. Bc5+ Kd7 55. Ra6 Nc7 56. Ra2 Ne6+ 57. Ke5 Nxc5 58. Rf2 Nd3+ 59. Kd4 Nxf2 0-1


[Site "https://www.chess.com"]

[Event "Titled Tuesday Blitz July 18 Early 2023"]
[White "Morefield, Jason"]
[Black "Duarte, Leonardo"]
[WhiteFideId "30920825"]
[BlackFideId "110582"]
[WhiteElo "2756"]
[BlackElo "2419"]
[Result "1-0"]
[Round "1"]
[TimeControl "180+2"]
[Date "2023.07.18"]
[WhiteClock "0:00:24"]
[BlackClock "0:00:00"]
[Board "74"]

1. Nf3 Nf6 2. g3 c5 3. Bg2 g6 4. O-O Bg7 5. c4 O-O 6. Nc3 d5 7. cxd5 Nxd5 8. Qb3 e6 9. Nxd5 exd5 10. d4 c4 11. Qc2 Nc6 12. Rd1 Bf5 13. Qc3 Be4 14. Be3 Re8 15. Rac1 b5 16. h4 b4 17. Qd2 a5 18. h5 Rc8 19. Kh2 Ne7 20. Bg5 f6 21. Bh6 Nf5 22. Bxg7 Kxg7 23. Rh1 g5 24. Bh3 Rc7 25. Rhe1 Rce7 26. Ng1 Nh6 27. a3 Qd6 28. axb4 axb4 29. Ra1 Bf5 30. Ra5 Bxh3 31. Nxh3 Ng4+ 32. Kg2 Nh6 33. Rc5 Nf5 34. Nxg5 fxg5 35. Qxg5+ Kh8 36. Qxf5 Rxe2 37. Rxe2 Rxe2 38. Rc8+ Kg7 39. Qg4+ 1-0


[Site "https://www.chess.com"]

[Event "Titled Tuesday Blitz July 18 Early 2023"]
[White "Skuhala, Barbara"]
[Black "Karthikeyan Pandiyan"]
[WhiteFideId "14605465"]
[BlackFideId "45084963"]
[WhiteElo "2418"]
[BlackElo "2755"]
[Result "1-0"]
[Round "1"]
[TimeControl "180+2"]
[Date "2023.07.18"]
[WhiteClock "0:00:22"]
[BlackClock "0:00:00"]
[Board "75"]

1. e4 c5 2. Nf3 Nc6 3. d4 cxd4 4. Nxd4 Nf6 5. Nc3 d6 6. Bg5 Bd7 7. Qd2 Rc8 8. O-O-O Nxd4 9. Qxd4 Qa5 10. Bxf6 gxf6 11. Kb1 e6 12. f4 Be7 13. g4 Rg8 14. Be2 Qc5 15. Qd2 b5 16. Bf3 a5 17. Rhe1 b4 18. Ne2 a4 19. Nd4 a3 20. b3 Bd8 21. e5 fxe5 22. fxe5 Bg5 23. Qd3 dxe5 24. Nf5 Rc7 25. Nd6+ Ke7 26. Nc4 f6 27. Qxh7+ Kf8 28. Rxd7 Rxd7 29. Qxd7 Qf2 30. Qd1 Kg7 31. Be4 Rd8 32. Bd3 Qd4 33. Qf3 Qc3 34. Rf1 Rd7 35. Qe4 Kf8 36. Qxe5 Rxd3 37. Qxe6 Rf3 38. Rd1 Qd4 39. Re1 Kg7 40. Qe7+ Kg6 41. Qe8+ Kh6 42. Qh5+ Kg7 43. Re7+ Kg8 44. Qf7+ 1-0


[Site "https://www.chess.com"]